 Dungeon Crawl Stone Soup version 0.20-a0-471-g521e6c5 (webtiles) character file.

203 M4edhros the Sneak (level 5, -1/33 HPs)
             Began as an Octopode Artificer on Jan 14, 2017.
             Slain by an orc
             ... wielding a +0 trident
              (4 damage)
             ... on level 4 of the Dungeon.
             The game lasted 00:03:21 (2104 turns).

M4edhros the Sneak (Octopode Artificer)             Turns: 2104, Time: 00:03:22

Health: -1/33      AC:  1    Str:  6 (9)  XL:     5   Next: 81%
Magic:  7/7        EV: 13    Int: 12 (13) God:
Gold:   116        SH:  0    Dex: 12 (14) Spells: 2/4 levels left

rFire  . . .     SeeInvis .     a - +0 short sword
rCold  . . .     Gourm    .     (no shield)
rNeg   . . .     Faith    .     (helmet restricted)
rPois  .         Spirit   .     (no amulet)
rElec  .         Reflect  .     (no ring)
rCorr  .         Harm     .     (no ring)
MR     .....                    (no ring)
Stlth  ++++......               (no ring)
                                (no ring)
                                (no ring)
                                (no ring)
                                (no ring)

@: repel missiles
A: almost no armour, stealthy swim, amphibious, 8 rings, constrict 8, antennae
1, camouflage 1, weak 1, gelatinous body 1
a: no special abilities


You were on level 4 of the Dungeon.
You were not hungry.

You visited 1 branch of the dungeon, and saw 4 of its levels.

You collected 116 gold pieces.

Inventory:

Hand Weapons
 a - a +0 short sword (weapon)
 j - a +1 hunting sling
 k - a +0 hunting sling
Missiles
 g - 115 stones (quivered)
Wands
 b - a wand of flame (12/48)
 c - a wand of enslavement (12/24)
 d - a wand of random effects (10/48)
 h - a wand of flame (33/48)
 n - a wand of iceblast (4/15)
Scrolls
 e - a scroll of remove curse
Potions
 m - a potion of degeneration
Books
 l - a book of Minor Magic

   Spells                             Type                      Level
   a - Magic Dart                     Conjuration                  1
   b - Blink                          Translocation                2
   c - Call Imp                       Summoning                    2
   d - Repel Missiles                 Charms/Air                   2
   e - Slow                           Hexes                        2
   f - Conjure Flame                  Conjuration/Fire             3
   g - Mephitic Cloud                 Conjuration/Poison/Air       3
Comestibles
 f - 3 bread rations
 i - 4 chunks of flesh


   Skills:
 - Level 1.0 Fighting
 - Level 1.0 Short Blades
 * Level 3.4 Slings
 - Level 2.0 Dodging
 + Level 5.9 Stealth
 - Level 3.2 Evocations


You had 2 spell levels left.
You knew the following spells:

 Your Spells              Type           Power        Failure   Level  Hunger
a - Repel Missiles        Chrm/Air       #.....       52%         2    ###....


Dungeon Overview and Level Annotations

Branches:
Dungeon (4/15)
 Temple: D:4-7

Altars:
Hepliaklqana
The Shining One


Innate Abilities, Weirdness & Mutations

You cannot wear most types of armour.
You are very stealthy in the water. (Stealth+)
You are amphibious.
You can wear up to eight rings at the same time.
You can use your tentacles to constrict eight enemies at once.
Your skin changes colour to match your surroundings (Stealth+).
Your rubbery body absorbs attacks. (AC +1, EV +1)
You have a pair of small antennae on your head.
You are weak. (Str -2)


Message History

The bullfrog is lightly wounded.
You constrict the bullfrog. The bullfrog hits you.
* * * LOW HITPOINT WARNING * * *
Okay, then.
Evoke which item? (* to show all) (? for menu, Esc to quit)
Aiming: Enslavement
Press: ? - help, Shift-Dir - straight line, f - bullfrog
Aim: a bullfrog (moderately wounded, constricted by you, chance to defeat MR: 55%)
The bullfrog resists with significant effort.
This wand has 13 charges left.
You constrict the bullfrog. The bullfrog barely misses you.
The orc closely misses you. The bullfrog closely misses you.
Evoke which item? (* to show all) (? for menu, Esc to quit)
Aiming: Enslavement
Press: ? - help, Shift-Dir - straight line, f/p - bullfrog
Aim: a bullfrog (moderately wounded, constricted by you, chance to defeat MR: 55%)
The bullfrog is charmed.
You release your grip on your bullfrog.
This wand has 12 charges left.
The orc hits you from afar with a trident.
You die...

#.#............[..
#.#.......####.###
#.#.......##.....## #
#.........#.......#.#
#.........#.......#.#
#....###......_.....
#....# #..#.....o.#
#....# ##.#..F..o.# .
#....# #.##..@..#
..#....## #.####.####..
........###............#
..#..[....##.#######.#.#
###.#.)...##.#
#.#.....##.#
#.#.....##.#
#.#.....##.#
#.#.)...##.#


You could see 2 orcs and a friendly bullfrog.

Vanquished Creatures
  An orc wizard (D:4)
  2 orc priests (D:4)
  An iguana (D:4)
  5 adders
  A worm (D:3)
  2 dart slugs (D:1)
  7 orcs
  4 goblins
  A hobgoblin (D:1)
  A ball python (D:4)
  4 bats
  A frilled lizard (D:3)
  4 kobolds
  4 rats
38 creatures vanquished.

Vanquished Creatures (others)
  An orc wizard (D:4)
  An orc (D:4)
2 creatures vanquished.

Grand Total: 40 creatures vanquished

Notes
Turn   | Place    | Note
-------+----------+-------------------------------------------
     0 | D:1      | M4edhros the Octopode Artificer began the quest for the Orb.
     0 | D:1      | Reached XP level 1. HP: 13/13 MP: 3/3
   227 | D:1      | Reached skill level 2 in Stealth
   340 | D:1      | Reached XP level 2. HP: 17/18 MP: 4/4
   394 | D:1      | Reached skill level 3 in Stealth
   722 | D:1      | Found a glowing golden altar of the Shining One.
   862 | D:2      | Reached skill level 4 in Stealth
   862 | D:2      | Reached XP level 3. HP: 17/23 MP: 5/5
  1044 | D:2      | Learned a level 2 spell: Repel Missiles
  1274 | D:3      | Reached skill level 1 in Slings
  1398 | D:3      | Reached skill level 5 in Stealth
  1398 | D:3      | Reached XP level 4. HP: 14/28 MP: 6/6
  1691 | D:4      | Reached XP level 5. HP: 15/33 MP: 7/7
  1993 | D:4      | Gained mutation: You are weak. (Str -2) [potion of mutation]
  1993 | D:4      | Gained mutation: You have a pair of small antennae on your head. [potion of mutation]
  2098 | D:4      | Found a hazy altar of Hepliaklqana.
  2104 | D:4      | Slain by an orc

Vault maps used:
D:1:      dpeg_arrival_boxes_within_box, kennysheep_flooded_box,
          minmay_misc_feat_chi, minmay_rat_gold_closets
D:2:      minmay_roachtagon
D:4:      minmay_diamond_boxcup, old_standard_altar, serial_shops,
          kennysheep_mini, first_bread, uniq_duvessa

Skill      XL: |  1  2  3  4  5 |
---------------+----------------+-----
Stealth        | 2 4 5 |  5.9
Slings         | 1 2 3 |  3.4
Fighting       | |  1.0
Short Blades   | |  1.0
Dodging        | |  2.0
Evocations     | |  3.2

Action                   |  1- 3 |  4- 6 || total
-------------------------+-------+-------++-------
Melee: Short sword       |    54 |    36 ||    90
       Tentacles         |    13 |     8 ||    21
       Constrict         |    12 |    10 ||    22
 Cast: Repel Missiles    |     1 |     1 ||     2
Evoke: Wand              |       |    11 ||    11
  Use: Scroll            |       |     6 ||     6
       Potion            |       |     3 ||     3
 Stab: Sleeping          |     9 |       ||     9
       Paralysed         |       |     1 ||     1
  Eat: Chunk             |     1 |     3 ||     4
Armor: Skin              |     4 |       ||     4
Dodge: Dodged            |    28 |    17 ||    45
       Deflected         |     1 |       ||     1
